 Dungeon Crawl Stone Soup version 0.29.1-2-gbd0b4ee654 (webtiles) character file.

Game seed: 18402851014120883896

1978 boopmooplesden the Cruncher (level 9, 0/75 HPs)
             Began as a Minotaur Fighter on Nov 1, 2022.
             Was a Priest of Okawaru.
             Slain by a black bear (4 damage)
             ... on level 7 of the Dungeon.
             The game lasted 00:07:48 (6152 turns).

boopmooplesden the Cruncher (Minotaur Fighter)      Turns: 6152, Time: 00:07:49

Health: 0/75       AC: 16    Str: 20    XL:     9   Next: 1%
Magic:  8/8        EV:  9    Int:  8    God:    Okawaru [***...]
Gold:   348        SH:  0    Dex: 18    Spells: 8/8 levels left

rFire   + + .      SeeInvis .   q - +9 quarterstaff "Gisull" {venom, rF++ Will+ Dex+2}
rCold   . . .      Faith    .   (shield currently unavailable)
rNeg    . . .      Spirit   .   i - +0 chain mail
rPois   .          Reflect  .   w - +1 hat
rElec   .          Harm     .   (no cloak)
rCorr   .          Rampage  .   m - +0 pair of gloves
Will    +....                   k - +2 pair of boots
Stlth   ..........              (no amulet)
HPRegen 0.22/turn               (no ring)
MPRegen 0.11/turn               (no ring)

@: marked
A: horns 2, retaliatory headbutt, agile 1, clever 1
a: Renounce Religion, Heroism


You were on level 7 of the Dungeon.
You worshipped Okawaru.
Okawaru was most pleased with you.
You visited 1 branch of the dungeon, and saw 7 of its levels.

You collected 348 gold pieces.

Inventory:

Hand Weapons
 a - a +0 long sword of freezing
 q - the +9 quarterstaff "Gisull" (weapon) {venom, rF++ Will+ Dex+2}
   (You found it on level 4 of the Dungeon)

   It poisons the flesh of those it strikes.
   Dex:       It affects your dexterity (+2).
   rF:        It greatly protects you from fire.
   Will:      It increases your willpower.
 u - the +2 trident of Ocepesah {distort, rElec rPois rC+ Dex-3}
   (You found it on level 5 of the Dungeon)

   It warps and distorts space around it, and may blink, banish, or inflict
   extra damage upon those it strikes.
   Unwielding it can cause banishment or high damage.
   Dex:       It affects your dexterity (-3).
   rC:        It protects you from cold.
   rElec:     It insulates you from electricity.
   rPois:     It protects you from poison.
Missiles
 f - a boomerang (quivered)
 n - 4 silver boomerangs
Armour
 b - a +0 scale mail
 c - a +0 buckler
 i - a +0 chain mail (worn)
 k - a +2 pair of boots (worn)
 m - a +0 pair of gloves (worn)
 p - a +2 tower shield
 w - a +1 hat (worn)
Jewellery
 g - an amulet of faith
 o - a ring of wizardry
Wands
 s - a wand of flame (1)
Scrolls
 t - a scroll of identify
 v - a scroll of butterflies {unknown}
Potions
 d - a potion of curing {unknown}
 e - 2 potions of attraction
 h - 2 potions of flight {unknown}
 j - a potion of haste {unknown}
 l - 3 potions of mutation
 r - a potion of cancellation {unknown}


   Skills:
 + Level 5.9 Fighting
 + Level 1.2(4.2) Short Blades
 + Level 7.1(7.2) Long Blades
 * Level 8.0 Staves
 + Level 1.5 Throwing
 + Level 7.0 Armour
 + Level 2.2 Dodging
 + Level 0.8 Stealth
 + Level 4.5 Shields


You had 8 spell levels left.
You didn't know any spells.
Your spell library contained the following spells:

 Spells                   Type           Power      Damage    Failure   Level
 Magic Dart               Conj           0%         1d3       98%         1
 Dazzling Flash           Conj/Hex       0%         N/A       100%        3
 Frozen Ramparts          Ice            0%         1d1       100%        3
 Mephitic Cloud           Conj/Pois/Air  0%         N/A       100%        3
 Portal Projectile        Hex/Tloc       0%         N/A       100%        3
 Ice Form                 Ice/Tmut       0%         N/A       100%        4
 Leda's Liquefaction      Hex/Erth       0%         N/A       100%        4
 Agony                    Necr           0%         N/A       100%        5
 Silence                  Hex/Air        0%         N/A       100%        5
 Storm Form               Tmut/Air       0%         N/A       100%        7
 Maxwell's Capacitive Co  Air            0%         ∞         100%        8
 Call Imp                 Summ           Unusable   N/A       N/A         2
 Call Canine Familiar     Summ           Unusable   N/A       N/A         3
 Summon Ice Beast         Ice/Summ       Unusable   N/A       N/A         4
 Summon Lightning Spire   Summ/Air       Unusable   N/A       N/A         4

Dungeon Overview and Level Annotations

Branches:
Dungeon (7/15)             Temple (0/1) D:6

Altars:
Cheibriados
Elyvilon
Makhleb
Okawaru
Vehumet


Innate Abilities, Weirdness & Mutations

You have a pair of horns on your head.
You reflexively headbutt those who attack you in melee.
You are agile. (Dex +4, Str/Int -1)
Your mind is acute. (Int +4, Str/Dex -1)


Message History

Something hits you. Something shocks you.
You barely miss the bullfrog. The bullfrog barely misses you.
The black bear bites you but does no damage.
The black bear closely misses you.
The black bear claws you but does no damage.
Something hits you. Something shocks you.
You closely miss the bullfrog. You headbutt the bullfrog.
The bullfrog is lightly wounded.
The bullfrog barely misses you. The black bear bites you.
The black bear claws you but does no damage.
The black bear closely misses you.
An orc priest comes into view. It is wielding a +0 dagger.
Something hits you but does no damage. The bullfrog completely misses you.
You hit the bullfrog.
The bullfrog is moderately wounded.
The bullfrog hits you. The black bear barely misses you. x3
Something hits you. Something shocks you.
* * * LOW HITPOINT WARNING * * *
You sock the bullfrog!
The bullfrog is poisoned.
You headbutt the bullfrog!
You kill the bullfrog!
Okawaru accepts your kill. The black bear bites you!
* * * LOW HITPOINT WARNING * * *
The black bear claws you but does no damage. x2
Something hits you.
* * * LOW HITPOINT WARNING * * *
Something shocks you.
* * * LOW HITPOINT WARNING * * *
Your life force feels restored.
Your Staves skill increases to level 8!
You have reached level 9!
Your experience leads to an increase in your attributes!
Your base attributes are Str 22, Int 5, Dex 11.
Increase (S)trength, (I)ntelligence, or (D)exterity?
You feel agile. x2
It was a potion of mutation.
You feel extremely strange.
You feel agile.
You feel clever.
A white imp comes into view.
The black bear bites you.
You die...

.. #.# ... #.# ...####..
... ..# # ...#.# .. #
#.#.## .# # . #.h..##
#<# # ....###@))######.#
# #.....).....5..#######
##../..............[..
#....>...o...........
#........##†..........<
#.#......##............
...#......##...†.?...(..
.# #......##............
#......##............


You could see a black bear, an orc priest and a white imp.

Vanquished Creatures
  A shadow (D:6)
  A water moccasin (D:6)
  An ice beast (D:5)
  A black bear (D:4)
  An ogre (D:6)
  2 centaurs (D:6)
  A phantom (D:5)
  A kobold brigand (D:6)
  A bullfrog (D:7)
  4 wights (D:7)
  9 killer bees (D:7)
  A crimson imp (D:4)
  2 hounds
  3 jellies
  2 orc priests
  An iguana (D:6)
  An orc wizard (D:4)
  4 gnolls (D:3)
  2 adders
  A shadow imp (D:6)
  A white imp (D:6)
  2 ufetubi
  4 dart slugs
  15 orcs
  5 ball pythons
  9 endoplasms
  2 giant cockroaches
  9 goblins
  8 hobgoblins
  3 jackals (D:4)
  3 quokkas
  7 bats
  5 frilled lizards (D:1)
  10 kobolds
123 creatures vanquished.

Notes
Turn   | Place    | Note
-------+----------+-------------------------------------------
     0 | D:1      | boopmooplesden the Minotaur Fighter began the quest for the
                  | Orb.
     0 | D:1      | Reached XP level 1. HP: 19/19 MP: 0/0
   102 | D:1      | Reached XP level 2. HP: 20/27 MP: 1/1
   387 | D:1      | Reached XP level 3. HP: 26/33 MP: 2/2
   645 | D:1      | Found a faded altar of an unknown god.
  1407 | D:2      | Found a white marble altar of Elyvilon.
  1728 | D:3      | Reached XP level 4. HP: 40/41 MP: 3/3
  2197 | D:3      | Reached XP level 5. HP: 42/47 MP: 4/4
  3288 | D:4      | Found an iron altar of Okawaru.
  3301 | D:4      | Became a worshipper of Warmaster Okawaru
  3358 | D:4      | Noticed a black bear
  3367 | D:4      | Killed a black bear
  3368 | D:4      | Reached skill level 5 in Long Blades
  3368 | D:4      | Reached skill level 5 in Armour
  3368 | D:4      | Reached skill level 1 in Dodging
  3368 | D:4      | Reached XP level 6. HP: 48/55 MP: 5/5
  3387 | D:4      | Identified the +9 quarterstaff "Gisull" {venom, rF++ Will+
                  | Dex+2}
  3577 | D:4      | Found a burning altar of Makhleb.
  3578 | D:4      | Found a radiant altar of Vehumet.
  3684 | D:5      | Entered Level 5 of the Dungeon
  3906 | D:5      | Reached skill level 5 in Fighting
  3948 | D:5      | Noticed an ice beast
  3957 | D:5      | Killed an ice beast
  4150 | D:5      | Reached * piety under Okawaru
  4151 | D:5      | Reached skill level 1 in Staves
  4151 | D:5      | Reached XP level 7. HP: 61/61 MP: 6/6
  4156 | D:5      | Identified the +2 trident of Ocepesah {distort, rElec rPois
                  | rC+ Dex-3}
  4622 | D:6      | Reached skill level 2 in Staves
  4814 | D:6      | Found a snail-covered altar of Cheibriados.
  4946 | D:6      | Reached ** piety under Okawaru
  4947 | D:6      | Reached skill level 1 in Short Blades
  4947 | D:6      | Reached skill level 3 in Staves
  4947 | D:6      | Reached skill level 1 in Throwing
  5127 | D:6      | Reached XP level 8. HP: 42/69 MP: 7/7
  5367 | D:6      | Reached skill level 4 in Staves
  5590 | D:6      | Found a staircase to the Ecumenical Temple.
  5729 | D:6      | Reached skill level 5 in Staves
  5937 | D:7      | Reached skill level 6 in Staves
  5944 | D:7      | Reached skill level 7 in Staves
  6137 | D:7      | Reached *** piety under Okawaru
  6151 | D:7      | HP: 3/68 [something (6)]
  6152 | D:7      | Reached skill level 8 in Staves
  6152 | D:7      | Reached XP level 9. HP: 4/75 MP: 8/8
  6152 | D:7      | Gained mutation: You are agile. (Dex +4, Str/Int -1)
                  | [potion of mutation]
  6152 | D:7      | Gained mutation: Your mind is acute. (Int +4, Str/Dex -1)
                  | [potion of mutation]
  6152 | D:7      | Slain by a black bear

Illustrated notes

Levels and vault maps discovered:
D:1:      roderic_chinese_lattice_arrival, layout_rooms,
          chequers_ecumenical_altar_simple, minmay_misc_feat_plants,
          minmay_heptomino_w4
D:2:      mumra_celtic_spiral_tile, layout_rooms, basic_altar
D:3:      layout_loops_corners
D:4:      layout_basic, grunt_temple_overflow_lords_of_destruction,
          lemuel_round_altar, kennysheep_boxes
D:5:      layout_basic
D:6:      layout_loops_ring, mainiacjoe_overflow_brackets,
          minmay_temple_entry_enclosed_plants, chequers_serial_rivers_micro_a
D:7:      layout_rooms

Skill      XL: |  1  2  3  4  5  6  7  8 |
---------------+-------------------------+-----
Fighting       | 4 5 |  5.9
Shields        | 4 |  4.5
Armour         | 4 5 6 7 |  7.0
Long Blades    | 3 4 5 6 7 |  7.1
Dodging        | 1 2 |  2.2
Staves         | 1 3 8 |  8.0
Short Blades   | 1 |  1.2
Throwing       | 1 |  1.5
Stealth        | |  0.8

Action                   |  1- 3 |  4- 6 |  7- 9 || total
-------------------------+-------+-------+-------++-------
Melee: Long sword        |    95 |    76 |       ||   171
       Headbutt          |    10 |    10 |    16 ||    36
       Quarterstaff      |       |    19 |    67 ||    86
Throw: Boomerang         |     8 |       |     5 ||    13
Invok: Heroism           |       |       |     1 ||     1
  Use: Scroll            |     5 |     4 |     1 ||    10
       Potion            |       |     1 |     1 ||     2
Armor: Scale mail        |    54 |       |       ||    54
       Chain mail        |     4 |   100 |    51 ||   155
Dodge: Dodged            |    46 |    53 |    35 ||   134
Block: Buckler           |    24 |    18 |       ||    42
